 Dungeon Crawl Stone Soup version 0.18-b1-16-g289874d (webtiles) character file.

58 Wooh the Skirmisher (level 3, 0/34 HPs)
             Began as a Draconian Hunter on May 1, 2016.
             Killed by divine providence
             ... invoked by an orc priest
              (9 damage)
             ... on level 3 of the Dungeon.
             The game lasted 00:03:23 (2079 turns).

Wooh the Skirmisher (Draconian Hunter)              Turns: 2079, Time: 00:03:23

Health: 0/34       AC:  7    Str: 14    XL:     3   Next: 75%
Magic:  3/3        EV: 12    Int: 11    God:
Gold:   79         SH:  0    Dex: 12    Spells: 0 memorised, 2 levels left

rFire  . . .     SeeInvis .     b - +0 short sword
rCold  . . .     Gourm    .     (armour unavailable)
rNeg   . . .     Faith    .     (no shield)
rPois  .         Spirit   .     (helmet restricted)
rElec  .         Dismiss  .     (no cloak)
rCorr  .         Reflect  .     q - +1 pair of gloves
SustAt .         Harm     .     (no boots)
MR     .....                    (no amulet)
Stlth  +.........               (no ring)
                                (no ring)

@: lethally poisoned (0 -> -1), not resistant to hostile enchantments, very
unstealthy
A: unfitting armour, cold-blooded, AC +5
a: no special abilities


You were on level 3 of the Dungeon.
You were near starving.

You visited 1 branch of the dungeon, and saw 3 of its levels.

You collected 79 gold pieces.

Inventory:

Hand Weapons
 a - a +1 shortbow
 b - a +0 short sword (weapon)
Missiles
 c - 16 arrows
Armour
 q - a +1 pair of gloves (worn)
Scrolls
 e - a scroll of amnesia {unknown}
 f - 2 scrolls of remove curse {unknown}
 g - a scroll of identify {unknown}
 h - a scroll of blinking {unknown}
 i - a scroll of fear {unknown}
 m - a scroll of recharging {unknown}
 o - a scroll of random uselessness {unknown}
Potions
 j - a potion of agility {unknown}
 k - a potion of lignification {unknown}
 l - a potion of mutation {unknown}
 n - a potion of berserk rage {unknown}
 p - 2 potions of curing {unknown}
Comestibles
 d - 5 bread rations


   Skills:
 + Level 4.5 Fighting
 - Level 3.6 Bows
 - Level 1.7 Dodging
 - Level 0.8 Stealth


You had 2 spell levels left.
You didn't know any spells.

Dungeon Overview and Level Annotations

Branches:
Dungeon (3/15)

Altars:
Gozag
Pakellas
Sif Muna
Trog
Zin


Innate Abilities, Weirdness & Mutations

Your plain brown scales are hard (AC +5).
Your body does not fit into most forms of armour.
You are cold-blooded and may be slowed by cold attacks.


Message History

You shoot an arrow. The arrow hits the adder.
You kill the adder!
You feel sick.
c - 9 arrows (gained 2)
You feel sick.
c - 10 arrows (gained 1)
You hear the brisk rusting of a distant drain.
Wield which item (- for none, * to show all)? (? for menu, Esc to quit)
b - a +0 short sword (weapon)
c - 14 arrows (gained 4)
You feel sick.
c - 15 arrows (gained 1)
You feel sick.
An orc priest comes into view. It is wielding a falchion.
You see here an arrow.
c - 16 arrows (gained 1)
The orc priest shouts!
The orc priest calls down the wrath of Beogh upon you.
Beogh smites you!
You die...

## ... . ..o ###.
...#. ...##.# .
#..#.# .## #....#
..# #..###.#
#@..#.# ## #.#.#.#
..#
...#...######...
#.....##...#....#
###..........#####
#...#..##......#
#...#....#####...
##......#.###
....##..#...#


You could see an orc priest.

Vanquished Creatures
  2 adders
  An ooze (D:1)
  A worm (D:3)
  A dart slug (D:1)
  3 giant geckos
  2 giant cockroaches
  2 goblins
  3 hobgoblins (D:1)
  6 bats (D:1)
  A giant newt (D:1)
  4 kobolds
  2 rats
28 creatures vanquished.

Vanquished Creatures (others)
  An ice dragon (D:2)
1 creature vanquished.

Grand Total: 29 creatures vanquished

Notes
Turn   | Place    | Note
--------------------------------------------------------------
     0 | D:1      | Wooh the Draconian Hunter began the quest for the Orb.
     0 | D:1      | Reached XP level 1. HP: 17/17 MP: 1/1
   115 | D:1      | Reached skill level 3 in Fighting
   119 | D:1      | Reached XP level 2. HP: 14/26 MP: 2/2
   804 | D:1      | Reached XP level 3. HP: 29/33 MP: 3/3
   978 | D:2      | Found a glowing silver altar of Zin.
  1015 | D:2      | Reached skill level 4 in Fighting
  1067 | D:2      | Found a bloodstained altar of Trog.
  1372 | D:2      | Found an opulent altar of Gozag.
  1443 | D:2      | Found a deep blue altar of Sif Muna.
  1699 | D:2      | Found an oddly glowing altar of Pakellas.
  1699 | D:2      | Noticed an ice dragon
  1725 | D:2      | Killed an ice dragon
  2079 | D:3      | Killed from afar by an orc priest

Skill      XL: |  1  2  3 |
---------------+----------+-----
Fighting       | 3 4 |  4.5
Bows           | |  3.6
Dodging        | |  1.7
Stealth        | |  0.8

Action                   || total
-------------------------++-------
Melee: Short sword       ||   130
       Tailslap          ||    11
 Fire: Shortbow          ||    17
 Stab: Sleeping          ||     2
  Eat: Chunk             ||     2
Armor: Skin              ||    51
Dodge: Dodged            ||    83
